 Dungeon Crawl Stone Soup version 0.32-a0-871-ge202e49faa (webtiles) character file.

Game seed: 8931924204827188211

92 Biggs the Shooter (level 4, -2/33 HPs)
             Began as a Coglin Hunter on Mar 29, 2024.
             Killed from afar by an orc wizard (7 damage)
             ... with a magic dart
             ... on level 3 of the Dungeon.
             The game lasted 00:02:21 (1721 turns).

Biggs the Shooter (Coglin Hunter)                   Turns: 1721, Time: 00:02:21

Health: -2/33      AC:  3    Str: 12    XL:     4   Next: 60%
Magic:  4/4        EV: 11    Int:  8    God:
Gold:   117        SH:  0    Dex: 19    Spells: 3/3 levels left

rFire   . . .        a - +2 sling {Chiraphon}
rCold   . . .        d - +0 sling {Frauke}
rNeg    . . .        c - +0 leather armour
rPois   .            (no helmet)
rElec   .            l - scarf {repulsion}
rCorr   .            (no gloves)
SInv    .            (no boots)
Will    .....        (amulet unavailable)
Stlth   ++           (ring unavailable)
HPRegen 0.25/turn    (ring unavailable)
MPRegen 0.09/turn    (no gizmo)

%: repel missiles
@: no status effects
A: off-hand wielding, slow wielding, warmup strikes, no jewellery
a: Invent Gizmo


You were on level 3 of the Dungeon.
You visited 1 branch of the dungeon, and saw 3 of its levels.

You collected 117 gold pieces.

Inventory:

Hand Weapons
 a - a +2 sling (weapon) {Chiraphon}
 d - a +0 sling (offhand) {Frauke}
Armour
 c - a +0 leather armour (worn)
 l - a scarf of repulsion (worn)
Scrolls
 b - a scroll of butterflies
 g - a scroll of poison {unknown}
 h - 2 scrolls of teleportation {unknown}
 i - a scroll of revelation {unknown}
 j - a scroll of fog {unknown}
 k - 2 scrolls of identify {unknown}
 m - a scroll of brand weapon {unknown}
Potions
 e - 3 potions of curing {unknown}
 f - 2 potions of haste {unknown}
 n - a potion of enlightenment {unknown}


   Skills:
 - Level 2.0 Fighting
 + Level 5.3 Ranged Weapons
 - Level 1.7 Dodging
 - Level 0.7 Stealth


You had 3 spell levels left.
You didn't know any spells.
Your spell library was empty.

Dungeon Overview and Level Annotations

Branches:
Dungeon (3/15)

Altars:

Shops:
D:2 (


Innate Abilities, Weirdness & Mutations

You can wield a second weapon in your off-hand.
It takes a long time for you to wield or remove held weapons.
Your first few attacks do less damage.
You cannot equip rings or amulets.


Message History

You're too confused to move!
You bump into the rock wall.
The orc wizard closely misses you.
The orc wizard hits you with a +0 dagger.
You're too confused to move!
The orc wizard hits you with a +0 dagger.
The orc wizard barely misses you. The orc wizard casts a spell at you.
The puff of flame hits you!
The orc wizard attacks as it pursues you!
The orc wizard hits you but does no damage.
The orc wizard attacks as it pursues you!
The orc wizard closely misses you.
You feel less confused.
The orc wizard points at you and mumbles some strange words.
You resist with some effort.
The orc wizard points at you and mumbles some strange words.
You are confused.
The orc wizard gestures at you while chanting.
You are more confused.
The orc wizard hits you with a +0 dagger.
You're too confused to move!
The orc wizard casts a spell at you. The puff of flame hits you!
The orc wizard gestures wildly while chanting.
The orc wizard flickers and vanishes!
Deactivating autopickup; reactivate with Ctrl-A.
You bump into the rock wall.
You bump into the rock wall.
The orc wizard hits you with a +0 dagger.
You hear some strange, mumbled words.
Something tries to affect you, but you resist.
The orc wizard hits you but does no damage.
You bump into the rock wall.
You feel less confused.
The orc wizard points at you and mumbles some strange words.
The magic dart hits you!
* * * LOW HITPOINT WARNING * * *
A magic dart appears from out of thin air!
The magic dart hits you!
You die...

######## ######## #......#
#......######### #......#
#..............#
###......#####..............#
#.+......'.<.#..............#
#.#......###.#...o..........#
#.#............@.{..........#
#....###.##########.........#
####.###.# ######.........#
#.#...# ###......#########
####.#...# ............#
#....#...# ###.........#
#....#...# ######....#
#...).<..# #....#
#....#..............####


You could see an orc wizard.

Vanquished Creatures
  4 adders (D:2)
  A ribbon worm (D:2)
  A dart slug (D:1)
  3 ball pythons (D:1)
  5 endoplasms
  2 giant cockroaches (D:1)
  5 goblins
  2 hobgoblins
  4 jackals (D:2)
  4 quokkas
  2 bats
  A frilled lizard (D:1)
  7 kobolds
  7 rats (D:1)
48 creatures vanquished.

Notes
Turn   | Place    | Note
-------+----------+-------------------------------------------
     0 | D:1      | Biggs the Coglin Hunter began the quest for the Orb.
     0 | D:1      | Reached XP level 1. HP: 16/16 MP: 1/1
   183 | D:1      | Reached skill level 4 in Ranged Weapons
   183 | D:1      | Reached XP level 2. HP: 22/22 MP: 2/2
   332 | D:1      | Reached XP level 3. HP: 27/27 MP: 3/3
   768 | D:2      | Found a faded altar of an unknown god.
   847 | D:2      | Found Nulyss's Weapon Boutique.
   896 | D:2      | Reached skill level 5 in Ranged Weapons
   896 | D:2      | Reached XP level 4. HP: 33/33 MP: 4/4
  1721 | D:3      | Killed from afar by an orc wizard

Illustrated notes

Levels and vault maps discovered:
D:1:      wander_arrival_peaceful_grave, layout_loops_ring,
          minmay_rat_gold_closets
D:2:      layout_basic, serial_corexii_hall, corexii_hall_statues_x,
          chequers_hall_statues_y, chequers_hall_statues_corner_a, serial_shops,
          shop, ebering_ecumenical_altar_sacrificial
D:3:      layout_basic, nicolae_overflow_ecumenical_swirl, chequers_jeans

Skill      XL: |  1  2  3 |
---------------+----------+-----
Ranged Weapons | 4 5 |  5.3
Fighting       | |  2.0
Dodging        | |  1.7
Stealth        | |  0.7

Action                     |  1- 3 |  4- 6 || total
---------------------------+-------+-------++-------
   Fire: Sling             |   148 |    58 ||   206
 Armour: Leather armour    |    13 |    12 ||    25
  Dodge: Dodged            |    11 |     6 ||    17

Table legend: (Time is in decaauts)
 A = Elapsed time spent in this place.
 B = Non-inter-level travel time spent in this place.
 C = Inter-level travel time spent in this place.
 D = Time resting spent in this place.
 E = Time spent auto-exploring this place.
 F = Levels seen in this place.
 G = Mean time per level.
                   A        B        C        D        E       F      G
               +--------+--------+--------+--------+--------+-----+--------+
         Total |   1743 |   1703 |     40 |      0 |   1437 |   3 |  581.0 |
       Dungeon |   1743 |   1703 |     40 |      0 |   1437 |   3 |  581.0 |
               +--------+--------+--------+--------+--------+-----+--------+

Top non-repeatable levels by time:
     D:2: 1000 daAuts
     D:1: 658 daAuts
     D:3: 83 daAuts
